 Dungeon Crawl Stone Soup version 0.26-a0-812-g31a745ddcd (webtiles) character file.

Game seed: 9994870729771914973

65 Dracia the Magician (level 3, 0/19 HPs)
             Began as a Deep Elf Hedge Wizard on Nov 29, 2020.
             Succumbed to an adder's poison
             ... on level 3 of the Dungeon.
             The game lasted 00:05:40 (3049 turns).

Dracia the Magician (Deep Elf Hedge Wizard)         Turns: 3049, Time: 00:05:42

Health: 0/19       AC:  2    Str:  7    XL:     3   Next: 92%
Magic:  15/22      EV: 13    Int: 19    God:
Gold:   197        SH:  0    Dex: 14    Spells: 8/15 levels left

rFire    . . .     SeeInvis +   a - +0 dagger
rCold    . . .     Faith    .   (no shield)
rNeg     . . .     Spirit   .   b - +0 robe
rPois    .         Reflect  .   c - +0 hat
rElec    .         Harm     .   (no cloak)
rCorr    .         Rampage  .   (no gloves)
MR       .....                  (no boots)
Stlth    ++........             (no amulet)
HPRegen  0.06/turn              j - ring of magical power
MPRegen  0.18/turn              l - ring of see invisible

@: lethally poisoned (0 -> -5)
A: no striking features
a: no special abilities


You were on level 3 of the Dungeon.
You visited 1 branch of the dungeon, and saw 3 of its levels.

You collected 197 gold pieces.


   Skills:
 - Level 2.4 Dodging
 - Level 2.4 Stealth
 + Level 6.7 Spellcasting
 - Level 1.1 Conjurations
 - Level 1.1 Summonings
 - Level 1.1 Translocations


You had 8 spell levels left.
You knew the following spells:

 Your Spells              Type           Power        Failure   Level
a - Magic Dart            Conj           ##..         7%          1
b - Blink                 Tloc           N/A          10%         2
c - Call Imp              Summ           ##......     10%         2
d - Slow                  Hex            #.......     16%         2

Your spell library contained the following spells:

 Spells                   Type           Power        Failure   Level
 Conjure Flame            Conj/Fire      #.......     26%         3
 Mephitic Cloud           Conj/Pois/Air  #.......     26%         3

Inventory:

Hand Weapons
 a - a +0 dagger (weapon)
Armour
 b - a +0 robe (worn)
 c - a +0 hat (worn)
 k - a +0 pair of gloves
Jewellery
 f - an uncursed ring of flight
 j - a ring of magical power (left hand)
 l - a ring of see invisible (right hand)
Scrolls
 d - a scroll of identify {@r1}
 h - 2 scrolls of teleportation {@r4}
 p - a scroll of blinking
Potions
 i - a potion of might

Dungeon Overview and Level Annotations

Branches:
Dungeon (3/15)

Altars:

.....##..#... ....##
............. .. .......#
............. #.. ...w..
.........#... #... .....
...........##
#...##....#..#...........
....................#...
#....5.###..#.#.##<.#...
#.g@....#.#.##..)...
#SS###.......'....#.
#.5###..#.#.##....#.
#.§##...............
#.)..5.....$........
#..§................
#..##..####...>.....
.........# #.#.....#.
#....................#.


You could see a worm, an adder, a goblin, a ball python and 2 friendly crimson
imps.


Message History

Casting: Call Imp (safe; 10% risk of failure)
Confirm with . or Enter, or press ? or * to list all spells.
Aiming: Magic Dart (safe; 7% risk of failure)
Press: ? - help, Shift-Dir - straight line, f/p - adder
Aim: an adder (moderately wounded)
The magic dart hits the adder.
The adder is heavily wounded.
* * * LOW HITPOINT WARNING * * *
You feel sick. The adder bites you.
* * * LOW HITPOINT WARNING * * *
Your crimson imp barely misses the orc.
The orc hits your crimson imp with a +0 flail.
Your crimson imp misses the adder.
A worm comes into view.
Your iron imp disappears in a puff of smoke!
Your crimson imp hits the orc.
Your crimson imp closely misses the ball python.
* * * LOW HITPOINT WARNING * * *
You feel sick.
The orc hits your crimson imp with a +0 flail.
The goblin hits you.
* * * LOW HITPOINT WARNING * * *
Your crimson imp hits the orc.
The orc dies!
You hit the goblin but do no damage. The adder closely misses you. x2
The goblin barely misses you.
Unknown command.
You hit the goblin.
The goblin is heavily wounded.
You die...

Skill      XL: |  1  2  3 |
---------------+----------+-----
Spellcasting   | 5 6 |  6.7
Dodging        | |  2.4
Stealth        | |  2.4
Conjurations   | |  1.1
Summonings     | |  1.1
Translocations | |  1.1

Action                   || total
-------------------------++-------
Melee: Dagger            ||   121
 Cast: Magic Dart        ||    53
       Call Imp          ||    13
  Use: Scroll            ||     7
       Potion            ||     2
 Stab: Sleeping          ||     8
       Distracted        ||     2
Armor: Robe              ||    36
Dodge: Dodged            ||    95

Levels and vault maps discovered:
D:1:      sevenhm_arrival_forest_fort_small_6, layout_loops_ring
D:2:      cheibrodos_greedy_goblins, layout_basic
D:3:      layout_basic, lemuel_round_altar, gup_sewer_entry_spiral,
          chequers_serial_rivers_small_b

Notes
Turn   | Place    | Note
-------+----------+-------------------------------------------
     0 | D:1      | Dracia the Deep Elf Hedge Wizard began the quest for the
                  | Orb.
     0 | D:1      | Reached XP level 1. HP: 10/10 MP: 7/7
    17 | D:1      | HP: 1/10 [ooze (4)]
   330 | D:1      | Reached skill level 5 in Spellcasting
   359 | D:1      | Reached XP level 2. HP: 15/15 MP: 3/10
  1023 | D:1      | Learned a level 2 spell: Blink
  1026 | D:1      | Learned a level 2 spell: Call Imp
  1029 | D:1      | Learned a level 2 spell: Slow
  1231 | D:1      | Reached XP level 3. HP: 3/19 MP: 8/12
  1606 | D:2      | Reached skill level 6 in Spellcasting
  3047 | D:3      | HP: 1/19 [goblin (2)]
  3049 | D:3      | Succumbed to an adder's poison

Vanquished Creatures
  An ooze (D:1)
  2 worms (D:2)
  2 dart slugs (D:1)
  3 leopard geckos
  6 giant cockroaches
  4 hobgoblins
  A ball python (D:2)
  3 bats
  2 frilled lizards
  5 goblins (D:2)
  7 kobolds
  4 rats
40 creatures vanquished.

Vanquished Creatures (collateral kills)
  A worm (D:2)
  An orc (D:3)
  3 goblins (D:2)
  A hobgoblin (D:2)
6 creatures vanquished.

Grand Total: 46 creatures vanquished

Table legend: (Time is in decaauts)
 A = Elapsed time spent in this place.
 B = Non-inter-level travel time spent in this place.
 C = Inter-level travel time spent in this place.
 D = Time resting spent in this place.
 E = Time spent auto-exploring this place.
 F = Levels seen in this place.
 G = Mean time per level.
                   A        B        C        D        E       F      G
               +--------+--------+--------+--------+--------+-----+--------+
         Total |   3046 |   2988 |     58 |      0 |   2558 |   3 | 1015.3 |
       Dungeon |   3046 |   2988 |     58 |      0 |   2558 |   3 | 1015.3 |
               +--------+--------+--------+--------+--------+-----+--------+

Top non-repeatable levels by time:
     D:1: 1587 daAuts
     D:2: 1410 daAuts
     D:3: 48 daAuts

Table legend:
 A = Non-vault XP
 B = Vault XP
 C = Vault XP percentage of total XP
 D = Non-vault monster count
 E = Vault monster count
 F = Vault count percentage of total count
                 A         B        C        D         E       F
            +---------+---------+-------+---------+---------+-------
      Total |      84 |       9 |   9.7 |      39 |       7 |  15.2
            +---------+---------+-------+---------+---------+-------
        D:1 |      42 |       0 |   0.0 |      18 |       0 |   0.0
        D:2 |      36 |       9 |  20.0 |      18 |       7 |  28.0
        D:3 |       6 |       0 |   0.0 |       3 |       0 |   0.0
            +---------+---------+-------+---------+---------+-------
